 Dungeon Crawl Stone Soup version 0.28-a0-983-g1de4e0787c (webtiles) character file.

Game seed: 4923595769949631068

228 Ijustatesigmund the Chopper (level 6, -1/52 HPs)
             Began as a Hill Orc Fighter on Dec 3, 2021.
             Killed from afar by Blork the orc (3 damage)
             ... with a puff of flame
             ... on level 3 of the Dungeon.
             The game lasted 00:04:28 (3500 turns).

Ijustatesigmund the Chopper (Hill Orc Fighter)      Turns: 3500, Time: 00:04:28

Health: -1/52      AC:  9    Str: 19    XL:     6   Next: 2%
Magic:  6/6        EV:  5    Int: 10    God:
Gold:   120        SH: 12    Dex: 10    Spells: 5/5 levels left

rFire   . . .      SeeInvis .   a - +0 war axe
rCold   . . .      Faith    .   c - +0 tower shield
rNeg    . . .      Spirit   .   b - +0 scale mail
rPois   .          Reflect  .   (no helmet)
rElec   .          Harm     .   (no cloak)
rCorr   .          Rampage  .   f - +1 pair of gloves
Will    .....                   (no boots)
Stlth   ..........              (no amulet)
HPRegen 0.17/turn               (no ring)
MPRegen 0.10/turn               (no ring)

@: hasted, very quick
A: no striking features
a: no special abilities


You were on level 3 of the Dungeon.
You visited 1 branch of the dungeon, and saw 4 of its levels.

You collected 120 gold pieces.

Inventory:

Hand Weapons
 a - a +0 war axe (weapon)
Armour
 b - a +0 scale mail (worn)
 c - a +0 tower shield (worn)
 f - a +1 pair of gloves (worn)
Scrolls
 h - a scroll of fear
 j - 3 scrolls of enchant armour
Potions
 d - a potion of might
 e - a potion of mutation


   Skills:
 + Level 4.2 Fighting
 + Level 7.3 Axes
 - Level 3.2 Armour
 + Level 3.8 Shields


You had 5 spell levels left.
You didn't know any spells.
Your spell library was empty.

Dungeon Overview and Level Annotations

Branches:
Dungeon (4/15)
 Temple: D:4-7

Altars:

Annotations:
D:3 Blork the orc
D:4 Robin


Message History

Blork the orc seems to speed up.
There is a stone staircase leading up here.
A quokka comes into view.
An adder comes into view.
The quokka twitches its whiskers.
The adder hisses angrily.
An endoplasm comes into view.
A hobgoblin comes into view.
The hobgoblin shouts!
The endoplasm quivers.
Blork the orc gestures at you while chanting.
The puff of flame hits you!
Blork the orc points at you and mumbles some strange words.
You block the puff of frost.
You climb upwards.
There is a stone staircase leading down here.
You barely miss Blork the orc.
Blork the orc hits you with a +0 long sword! x2
You barely miss Blork the orc.
Blork the orc hits you with a +0 long sword.
Blork the orc barely misses you.
Blork the orc hits you with a +0 long sword.
You hit Blork the orc.
Blork the orc is lightly wounded.
Blork the orc hits you with a +0 long sword.
Blork the orc barely misses you.
You hit Blork the orc.
Blork the orc is lightly wounded.
Blork the orc hits you but does no damage.
Blork the orc hits you with a +0 long sword!
* * * LOW HITPOINT WARNING * * *
You closely miss Blork the orc.
Blork the orc is lightly wounded.
Blork the orc hits you with a +0 long sword.
* * * LOW HITPOINT WARNING * * *
Blork the orc hits you with a +0 long sword.
* * * LOW HITPOINT WARNING * * *
You block Blork the orc's attack.
It was a potion of haste.
You feel yourself speed up.
Blork the orc points at you and mumbles some strange words.
The puff of flame hits you.
You die...

#......# ##########......##
##########.................
#..........................
#.########.########........
#####.....# #.########........
#...#.....# #.#......#...)(...
#.#.#.....####.#.####.#........
#.#.#.....'...@o...............
#.#.#.....######.####...#######
#.#..)....# #.#......#
##.####....# #.#.##...##
#..........# #.#.##....#
#####....#.# #.#.......##
###.##.#.# #.####.....#
#......#.# #.#..#...#.####
#.#.##.#.# #.#..#...#....##


You could see Blork the orc (fast).

Vanquished Creatures
  A black bear (D:3)
  An orc priest (D:3)
  An orc wizard (D:2)
  3 adders
  A dart slug (D:1)
  4 orcs
  9 ball pythons
  4 bats (D:1)
  3 endoplasms
  A giant cockroach (D:1)
  6 goblins
  7 hobgoblins
  2 jackals (D:3)
  5 frilled lizards
  7 kobolds
  2 rats
57 creatures vanquished.

Vanquished Creatures (others)
  3 fungi (D:1)
  4 plants (D:1)
7 creatures vanquished.

Grand Total: 64 creatures vanquished

Notes
Turn   | Place    | Note
-------+----------+-------------------------------------------
     0 | D:1      | Ijustatesigmund the Hill Orc Fighter began the quest for
                  | the Orb.
     0 | D:1      | Reached XP level 1. HP: 19/19 MP: 1/1
    86 | D:1      | Reached skill level 3 in Axes
   268 | D:1      | Reached XP level 2. HP: 25/26 MP: 2/2
   447 | D:1      | Reached skill level 4 in Axes
   594 | D:1      | Reached XP level 3. HP: 20/31 MP: 3/3
  1134 | D:1      | Found a faded altar of an unknown god.
  1310 | D:2      | Reached skill level 5 in Axes
  1999 | D:2      | Reached XP level 4. HP: 22/39 MP: 4/4
  2340 | D:3      | Reached skill level 6 in Axes
  2530 | D:3      | Reached XP level 5. HP: 45/45 MP: 5/5
  3091 | D:3      | Noticed a black bear
  3100 | D:3      | Killed a black bear
  3101 | D:3      | Reached skill level 7 in Axes
  3101 | D:3      | Reached XP level 6. HP: 31/52 MP: 6/6
  3346 | D:4      | Noticed Robin
  3346 | D:4      | Noticed a sky beast
  3488 | D:4      | Noticed Blork the orc
  3499 | D:3      | HP: 2/52 [Blork the orc (3)]
  3500 | D:3      | Killed from afar by Blork the orc

Illustrated notes

Levels and vault maps discovered:
D:1:      lightli_arrival_boilingwater, layout_loops_corners,
          shapermc_ecumenical_altar_petra, nrook_campfire, st_stairs_10
D:2:      layout_basic
D:3:      layout_basic
D:4:      layout_cave_pools, okawaru_altar_gauntlet_db, uniq_grinder,
          uniq_robin, uniq_blork_the_orc

Skill      XL: |  1  2  3  4  5 |
---------------+----------------+-----
Axes           | 3 4 5 6 7 |  7.3
Fighting       | 4 |  4.2
Armour         | |  3.2
Shields        | |  3.8

Action                   |  1- 3 |  4- 6 || total
-------------------------+-------+-------++-------
Melee: War axe           |   120 |    85 ||   205
  Use: Scroll            |     2 |     4 ||     6
       Potion            |     1 |     1 ||     2
Armor: Scale mail        |    70 |    52 ||   122
Dodge: Dodged            |    17 |    19 ||    36
Block: Buckler           |     6 |       ||     6
       Tower shield      |    45 |    65 ||   110

Table legend: (Time is in decaauts)
 A = Elapsed time spent in this place.
 B = Non-inter-level travel time spent in this place.
 C = Inter-level travel time spent in this place.
 D = Time resting spent in this place.
 E = Time spent auto-exploring this place.
 F = Levels seen in this place.
 G = Mean time per level.
                   A        B        C        D        E       F      G
               +--------+--------+--------+--------+--------+-----+--------+
         Total |   3643 |   3548 |     95 |   1062 |   1843 |   4 |  910.8 |
       Dungeon |   3643 |   3548 |     95 |   1062 |   1843 |   4 |  910.8 |
               +--------+--------+--------+--------+--------+-----+--------+

Top non-repeatable levels by time:
     D:1: 1248 daAuts
     D:3: 1214 daAuts
     D:2: 1167 daAuts
     D:4: 13 daAuts
